Map: Pillars of Gold LE

Players

Osiris

  • Race: Terran Terran
  • League: Diamond
  • Spawn Location: 7:00

HanimeIsArt - Winner!

  • Race: Protoss Protoss
  • League: Diamond
  • Spawn Location: 1:00

VOD

Have the link to the VOD?

Description

Time

  • Played on: Jan. 14, 2021, 4:02 a.m.
  • Length: 12:31
Show
View Real Time Build Order
Export as new Build Order

Osiris Terran 

Build Orders: Reaper Expand 

Get SALT Encoding   

  12  0:00  SCV  
  13  0:12  SCV  
  14  0:18  Supply Depot  
  14  0:27  SCV  
  15  0:40  SCV  
  15  0:42  Barracks  
  16  0:46  Refinery  
  16  0:52  SCV  
  17  1:05  SCV  
  18  1:17  SCV  
  19  1:30  Reaper  
  19  1:32  Orbital Command  
  20  1:49  Command Center  
  20  1:59  SCV  
  21  2:02  Supply Depot  
  21  2:06  Marine  
  22  2:13  SCV  
  23  2:24  Factory  
  23  2:25  SCV  
  23  2:26  Barracks Reactor  
  24  2:40  SCV  
  24  2:43  Refinery  
  25  2:52  SCV, Bunker  
  26  3:03  Orbital Command, Marine  
  26  3:04  SCV, Marine  
  31  3:13  Hellion  
  31  3:16  SCV  
  29  3:32  Starport  
  29  3:33  SCV  
  30  3:38  SCV  
  31  3:44  Factory Tech Lab, Marine x2  
  31  3:45  SCV  
  31  3:48  Barracks  
  34  3:51  SCV  
  35  3:57  SCV  
  35  4:01  Supply Depot  
  35  4:02  Marine x2  
  38  4:03  SCV  
  38  4:09  SCV  
  40  4:10  Barracks  
  40  4:15  SCV  
  41  4:17  Raven, Factory Tech Lab  
  41  4:19  Marine  
  41  4:21  SCV  
  45  4:25  Supply Depot  
  45  4:27  SCV  
  45  4:30  Marine  
  47  4:34  Engineering Bay, Refinery  
  47  4:41  SCV x2  
  47  4:44  Siege Tank  
  47  4:45  Marine  
  52  4:51  Marine  
  52  4:52  Supply Depot  
  54  4:58  Marine  
  55  5:05  SCV  
  55  5:06  SCV  
  55  5:07  Marine  
  57  5:09  Terran Infantry Weapons Level 1  
  57  5:12  Marine  
  59  5:20  Marine, Stimpack  
  60  5:21  SCV  
  60  5:22  SCV  
  60  5:28  Combat Shield  
  59  5:29  Factory Tech Lab, Marine  
  59  5:30  Starport Reactor  
  59  5:34  Supply Depot  
  60  5:43  SCV  
  60  5:44  SCV  
  60  5:47  Marine x2  
  60  5:49  Siege Tank, Marauder  
  69  5:56  Marauder  
  71  5:59  Supply Depot  
  71  6:01  SCV  
  71  6:02  SCV, Refinery  
  73  6:04  Supply Depot  
  73  6:06  Marine  
  73  6:07  Marine  
  73  6:08  Medivac  
  77  6:13  SCV  
  78  6:19  SCV  
  78  6:21  Medivac, Supply Depot, Marauder  
  78  6:30  Marine x2, Marauder  
  78  6:32  SCV  
  83  6:33  Siege Tank  
  86  6:40  Command Center  
  86  6:48  Marauder  
  86  6:49  Marine x2  
  90  6:56  Barracks  
  90  6:57  Barracks  
  88  7:07  Medivac, Siege Tank, Marauder  
  88  7:08  Medivac, Marine x2  
  96  7:09  Marauder  
  98  7:24  SCV  
  98  7:25  SCV  
  98  7:27  Supply Depot  
  98  7:28  Terran Infantry Armor Level 1  
  98  7:29  Supply Depot  
  100  7:30  Marauder  
  100  7:36  Marine x2  
  100  7:37  Supply Depot  
  104  7:50  Marine x2  
  104  7:51  Marine  
  107  8:04  Marine  
  107  8:05  Marine  
  109  8:07  Concussive Shells  
  109  8:08  Refinery  
  109  8:12  Barracks Reactor, Barracks Tech Lab  
  109  8:13  Medivac x2  
  113  8:22  Marauder x2  
  113  8:25  Orbital Command  
  113  8:26  SCV  
  107  8:45  Marine x2, Marauder x3  
  107  8:46  Medivac x2, Factory Reactor  
  105  9:00  Marine x2  
  103  9:06  Marauder x2  
  103  9:07  Marauder  
  104  9:10  Marine x2  
  103  9:18  Marine  
  104  9:33  Viking x2  
  104  9:34  Orbital Command, Marine  
  104  9:35  Marine x2, Marauder x3  
  104  9:36  Widow Mine  
  118  9:48  Marine  
  118  9:52  Engineering Bay, Marine  
  119  9:55  Armory  
  119  9:56  Marauder x2  
  124  10:09  Marine x3  
  124  10:12  Factory Reactor  
  124  10:13  Marauder, Missile Turret x2  
  127  10:16  Missile Turret  
  127  10:19  Missile Turret  
  127  10:20  SCV x3  
  130  10:32  SCV, Marine, Marauder  
  130  10:33  Marine x2, Marauder  
  138  10:48  Missile Turret  
  138  10:50  Missile Turret  
  138  10:53  Missile Turret  
  138  10:55  Marauder x2  
  142  11:00  Liberator  
  145  11:05  Marine x3  
  148  11:15  Widow Mine  
  143  11:28  Marine x2, Marauder x3  
  148  11:36  Marine x2  
  148  11:37  Liberator  
  144  11:45  Marine  
  99  12:09  Marine x2, Marauder x3  
  99  12:10  Widow Mine x2  
Show
View Real Time Build Order
Export as new Build Order

HanimeIsArt Protoss - Winner!

Build Orders: 1 Gate Expand, Blink Stalkers, Chargelot Immortal 

Get SALT Encoding   

  12  0:00  Probe  
  13  0:12  Probe  
  14  0:18  Pylon  
  14  0:24  Probe (Chrono Boost)  
  15  0:36  Probe (Chrono Boost)  
  15  0:39  Gateway  
  16  0:45  Probe (Chrono Boost)  
  16  0:47  Assimilator  
  17  0:51  Probe  
  18  1:03  Probe  
  19  1:15  Probe  
  20  1:26  Nexus  
  20  1:39  Cybernetics Core  
  20  1:42  Assimilator  
  20  1:45  Probe  
  21  1:55  Pylon  
  21  1:57  Probe  
  22  2:09  Probe  
  22  2:12  Adept (Chrono Boost)  
  25  2:16  Warp Gate  
  25  2:21  Probe  
  26  2:27  Twilight Council  
  26  2:33  Probe  
  26  2:35  Stalker  
  28  2:45  Probe (Chrono Boost)  
  28  2:46  Probe (Chrono Boost)  
  30  2:55  Probe x2 (Chrono Boost)  
  32  3:00  Probe x2 (Chrono Boost)  
  32  3:04  Blink  
  34  3:11  Stalker  
  36  3:14  Probe  
  36  3:19  Probe  
  38  3:26  Probe  
  39  3:32  Probe  
  38  3:36  Pylon  
  38  3:38  Probe  
  38  3:40  Gateway  
  39  3:44  Probe  
  40  3:50  Probe  
  41  3:58  Nexus  
  41  4:02  Probe  
  42  4:05  Stalker  
  44  4:15  Gateway  
  44  4:16  Gateway  
  44  4:21  Robotics Facility  
  44  4:28  Stalker  
  46  4:31  Probe x2  
  46  4:34  Assimilator  
  48  4:39  Stalker, Pylon  
  50  4:49  Probe x2  
  52  4:53  Pylon  
  52  4:55  Stalker  
  54  5:04  Charge  
  54  5:06  Stalker  
  56  5:10  Observer  
  56  5:12  Stalker x2  
  56  5:13  Probe  
  56  5:14  Probe  
  63  5:15  Probe  
  64  5:24  Forge  
  64  5:29  Probe x3  
  64  5:32  Pylon  
  64  5:34  Warp Prism  
  69  5:41  Probe x3  
  69  5:42  Protoss Ground Weapons Level 1 (Chrono Boost)  
  72  5:45  Stalker  
  74  5:53  Probe x3  
  77  6:02  Forge, Pylon  
  77  6:05  Stalker, Pylon  
  77  6:06  Observer  
  77  6:10  Probe x3  
  82  6:25  Protoss Ground Armor Level 1 (Chrono Boost)  
  82  6:30  Probe x3  
  82  6:31  Stalker x4  
  93  6:33  Immortal  
  93  6:35  Observer  
  93  6:38  Gateway  
  97  6:47  Assimilator  
  97  6:49  Shield Battery  
  97  6:52  Pylon, Shield Battery  
  97  7:00  Zealot x4  
  103  7:15  Immortal (Chrono Boost)  
  99  7:21  Zealot x4  
  111  7:34  Protoss Ground Weapons Level 2 (Chrono Boost)  
  111  7:36  Pylon  
  111  7:38  Pylon  
  111  7:41  Gateway  
  111  7:42  Gateway  
  111  7:53  Immortal (Chrono Boost)  
  115  8:01  Zealot x5  
  125  8:06  Gateway  
  125  8:08  Gateway  
  125  8:10  Gateway  
  125  8:11  Protoss Ground Armor Level 2 (Chrono Boost)  
  125  8:14  Pylon  
  125  8:17  Pylon  
  125  8:24  Nexus  
  125  8:25  Pylon  
  125  8:31  Zealot x3  
  125  8:32  Zealot  
  127  8:47  Zealot x3  
  113  9:01  Zealot x4  
  103  9:13  Immortal  
  99  9:23  Zealot x10  
  119  9:32  Protoss Ground Weapons Level 3 (Chrono Boost)  
  107  9:41  Probe x4  
  103  9:47  Templar Archives, Assimilator  
  103  9:50  Pylon  
  103  9:54  Pylon  
  103  9:59  Psionic Storm  
  103  10:00  Zealot x4  
  103  10:01  Pylon, Shield Battery x2  
  103  10:02  Pylon  
  103  10:06  Zealot x3  
  117  10:14  Pylon  
  117  10:18  Warp Prism (Chrono Boost)  
  115  10:25  High Templar x2  
  115  10:26  High Templar x6  
  133  10:30  High Templar  
  133  10:34  Archon x2  
  135  10:40  Zealot  
  135  10:42  Probe x4  
  141  10:44  Assimilator  
  141  10:58  Zealot x8  
  141  11:01  Probe x3  
  160  11:06  Immortal  
  162  11:22  Zealot x8  
  172  11:34  Zealot x2  
  150  11:57  Zealot x4  
  150  11:58  Zealot x6  
  142  12:30  Gateway  
Tags
 
Add a new tag
Caveats
  • Supply blocks, unpowered buildings, or Contaminate may cause inaccurate times.
  • Supply counts are checked every 10 seconds.